 Dungeon Crawl Stone Soup version 0.23.2-40-g277498a001 (webtiles) character file.

Game seed: 13389210532144890174

106216 EWolf27 the Unseen (level 15, -1/80 HPs)
             Began as a Spriggan Enchanter on Oct 22, 2019.
             Was an Initiate of Gozag.
             Shot with an arrow by a satyr (17 damage)
             ... on level 2 of the Shoals on Oct 23, 2019.
             The game lasted 03:42:55 (41302 turns).

EWolf27 the Unseen (Spriggan Enchanter)            Turns: 41302, Time: 03:42:56

Health: -1/80      AC:  7    Str:  7    XL:     15   Next: 96%
Magic:  29/29      EV: 29    Int: 20    God:    Gozag
Gold:   7204       SH:  8    Dex: 17    Spells: 13/32 levels left

rFire    . . .     SeeInvis +   c - +12 Vampire's Tooth {vamp}
rCold    . . .     Gourm    .   R - +0 buckler {rN+}
rNeg     + . .     Faith    .   N - +2 robe {MR+}
rPois    +         Spirit   .   (helmet restricted)
rElec    .         Reflect  .   L - +2 cloak {rPois}
rCorr    +         Harm     .   (gloves unavailable)
MR       +++..                  (boots unavailable)
Stlth    +++++++...             r - amulet of regeneration
HPRegen  0.63/turn              E - ring of resist corrosion
MPRegen  0.21/turn              (no ring)

@: very quick
A: very small, unfitting armour, see invisible, herbivore, speed 3, slow
metabolism 2
a: Potion Petition, Call Merchant, Bribe Branch, Renounce Religion


You were on level 2 of the Shoals.
You worshipped Gozag.
Gozag was greatly pleased with you.
You were not hungry.

You visited 4 branches of the dungeon, and saw 24 of its levels.
You also visited: Ice Cave.

You collected 8396 gold pieces.
You spent 1132 gold pieces at shops.
You paid 60 gold pieces to Gozag.

Inventory:

Hand Weapons
 a - a +3 dagger of venom
 b - a +0 blowgun
 c - the +12 Vampire's Tooth (weapon) {vamp}
   (You found it on level 12 of the Dungeon)

   It inflicts no extra harm, but heals its wielder when it wounds a living foe.
 k - a +0 trident
Missiles
 i - 732 stones (quivered)
 x - 100 poisoned needles
 M - 236 arrows
Armour
 F - a +2 cloak of invisibility
 K - a +0 robe
 L - a +2 cloak of poison resistance (worn)
 N - a +2 robe of magic resistance (worn)
 R - a +0 buckler of positive energy (worn)
Jewellery
 r - an amulet of regeneration (around neck)
 E - a ring of resist corrosion (left hand)
 S - a +3 amulet of reflection {unknown}
Wands
 y - a wand of polymorph (5)
 C - a wand of acid (7)
 D - a wand of iceblast (6)
 O - a wand of flame (46)
 P - a wand of clouds (6)
 Q - a wand of paralysis (21)
 T - a wand of disintegration (9)
Scrolls
 g - 3 scrolls of enchant weapon
 h - 8 scrolls of remove curse
 j - 6 scrolls of fog
 l - 4 scrolls of identify
 m - 8 scrolls of blinking
 o - a scroll of summoning
 p - 8 scrolls of teleportation
 q - 2 scrolls of fear
 w - 4 scrolls of magic mapping
Potions
 e - 12 potions of heal wounds
 f - 6 potions of might
 n - 9 potions of curing
 s - 2 potions of cancellation
 t - 8 potions of brilliance
 u - 2 potions of resistance {unknown}
 v - 2 potions of degeneration {unknown}
 z - 5 potions of agility
 A - 2 potions of invisibility {unknown}
 B - 4 potions of haste {unknown}
 G - a potion of mutation {unknown}
 H - 6 potions of flight
 I - a potion of ambrosia {unknown}
 J - 3 potions of magic {unknown}
Comestibles
 d - 16 rations


   Skills:
 + Level 10.3 Fighting
 - Level 12.0 Short Blades
 + Level 13.7 Dodging
 + Level 18.5 Stealth
 - Level 7.2 Shields
 - Level 9.2 Spellcasting
 + Level 15.2 Hexes
 - Level 6.0 Translocations
 - Level 2.0 Ice Magic
 + Level 3.1 Poison Magic


You had 13 spell levels left.
You knew the following spells:

 Your Spells              Type           Power        Failure   Level  Hunger
a - Corona                Hex            ######.      0%          1    None
b - Ensorcelled Hibernat  Hex/Ice        #####.       1%          2    None
c - Confuse               Hex            ######..     1%          3    None
d - Sticks to Snakes      Tmut           #.......     12%         2    None
e - Sting                 Conj/Pois      ###.         4%          1    None
f - Tukima's Dance        Hex            ######..     1%          3    None
g - Apportation           Tloc           ####..       1%          1    None
h - Invisibility          Hex            ######..     2%          6    ######.

Your spell library contained the following spells:

 Spells                   Type           Power        Failure   Level  Hunger
 Confusing Touch          Hex            ######       0%          1    None
 Slow                     Hex            ######..     1%          2    None
 Dazzling Spray           Conj/Hex       #####.       1%          3    None
 Inner Flame              Hex/Fire       #####...     1%          3    None
 Cause Fear               Hex            ######....   1%          4    ###....
 Poisonous Vapours        Pois/Air       ###...       6%          2    None
 Recall                   Summ/Tloc      N/A          7%          3    None
 Animate Skeleton         Necr           N/A          8%          1    None
 Beastly Appendage        Tmut           #.....       8%          1    None
 Flame Tongue             Conj/Fire      #....        8%          1    None
 Sandblast                Erth           #.....       8%          1    None
 Summon Small Mammal      Summ           #...         8%          1    None
 Silence                  Hex/Air        #####.....   10%         5    #####..
 Summon Mana Viper        Hex/Summ       #####...     10%         5    #####..
 Passwall                 Tmut/Erth      #.......     12%         2    None
 Throw Flame              Conj/Fire      #.....       12%         2    None
 Spider Form              Tmut/Pois      ###.......   12%         3    None
 Mephitic Cloud           Conj/Pois/Air  ##......     14%         3    None
 Ozocubu's Armour         Chrm/Ice       ##......     16%         3    None
 Olgreb's Toxic Radiance  Pois           ###.....     21%         4    ###....
 Conjure Flame            Conj/Fire      #.......     22%         3    None
 Stone Arrow              Conj/Erth      #.....       22%         3    None
 Ice Form                 Ice/Tmut       ##......     45%         4    ###....
 Summon Forest            Summ/Tloc      ###.......   52%         5    #####..
 Airstrike                Air            #.........   58%         4    ###....
 Petrify                  Tmut/Erth      #.......     58%         4    ###....
 Sticky Flame             Conj/Fire      #.......     58%         4    ###....
 Summon Lightning Spire   Summ/Air       #.......     58%         4    ###....
 Venom Bolt               Conj/Pois      ###.......   73%         5    #####..
 Aura of Abjuration       Summ           #.........   91%         5    #####..
 Blade Hands              Tmut           #.........   91%         5    #####..
 Fireball                 Conj/Fire      #.........   91%         5    #####..
 Lee's Rapid Deconstruct  Erth           #.........   91%         5    #####..
 Summon Demon             Summ           #.........   91%         5    #####..
 Bolt of Cold             Conj/Ice       ##........   100%        6    ######.
 Conjure Ball Lightning   Conj/Air       #.........   100%        6    ######.
 Death Channel            Necr           #.........   100%        6    ######.
 Deflect Missiles         Chrm/Air       #.........   100%        6    ######.
 Freezing Cloud           Conj/Ice/Air   ##........   100%        6    ######.
 Shadow Creatures         Summ           N/A          100%        6    ######.
 Ring of Flames           Chrm/Fire      #.........   100%        7    #######
 Tornado                  Air            #.........   100%        9    #######


Dungeon Overview and Level Annotations

Branches:
Dungeon (15/15)            Temple (1/1) D:7            Lair (6/6) D:10
 Shoals (2/4) Lair:2       Spider (0/4) Lair:3        Slime (0/5) Lair:6
    Orc (0/2) D:11         Vaults (0/5) D:13         Depths (0/5) D:15

Altars:
Ashenzari
Cheibriados
Dithmenos
Elyvilon
Fedhas
Gozag
Hepliaklqana
Kikubaaqudgha
Makhleb
Nemelex Xobeh
Okawaru
Qazlal
Ru
Sif Muna
Trog
Uskayaw
Vehumet
Wu Jian
Xom
Yredelemnul
Zin
The Shining One
Jiyva

Shops:
D:5 ?   D:6 %   D:8 *   D:14 [

Annotations:
D:8 1 runed translucent door, DildoBatman's ghost, novice FoWz
D:9 exclusion: statue
Lair:6 exclusion: oklob plant


Innate Abilities, Weirdness & Mutations

You are very small and have problems with some larger weapons.
You are too small for most types of armour.
You have supernaturally acute eyesight. (SInv)
You are a herbivore.
You cover ground extremely quickly.
You need to consume almost no food.


Message History

You puncture the satyr!
The satyr is heavily wounded.
You hit the satyr.
You feel better.
The satyr is heavily wounded.
You hit the satyr.
The satyr is heavily wounded.
Your unstable footing causes you to fumble your attack.
You feel much better.
The satyr shoots an arrow.
The arrow hits you!
You hear a splash.
You puncture the satyr!
You feel better.
The satyr is severely wounded.
You completely miss the satyr.
The satyr is severely wounded.
The satyr shoots an arrow.
The arrow hits you!!!
Ouch! That really hurt!
* * * LOW HITPOINT WARNING * * *
You hear a splash.
The satyr shoots an arrow.
The arrow hits you!
You die...
Your body crumbles into a pile of gold.

≈≈≈≈≈≈≈≈≈≈≈≈≈≈≈≈
≈≈≈≈≈≈≈≈≈≈≈≈≈≈≈≈≈
≈≈≈≈≈≈≈≈≈≈≈≈≈≈≈≈≈
≈≈≈≈≈≈≈≈≈≈≈≈≈≈≈≈≈
≈≈≈≈≈≈≈≈≈≈≈≈≈≈≈≈≈≈
≈≈≈≈≈≈≈≈≈c≈≈≈≈≈≈≈≈.
≈≈≈≈≈≈..≈(≈≈≈≈≈≈≈..
≈≈≈≈.....≈≈≈≈≈≈≈≈..
≈≈≈......@≈≈≈≈≈≈≈..
≈≈≈.(##...≈≈≈≈≈≈≈≈
≈≈≈......(≈....≈≈≈
≈≈≈≈≈≈≈≈≈≈...#..≈
≈≈≈≈≈≈≈≈≈≈..###.. $
≈≈≈≈≈≈≈≈≈≈.## #.
≈..≈≈≈≈≈≈≈.#
....≈≈≈≈≈.##
.....≈≈≈≈.#


You could see a satyr.

Vanquished Creatures
  An emperor scorpion (D:15)
  Louise (D:15)
  An ironheart preserver (D:13)
  Nessos (D:14)
  7 dire elephants
  A merfolk impaler (Shoals:1)
  The ghost of diiiiiane the Cleaver, a journeyman MiFi of Okawaru (Lair:2)
  4 hydras
  Harold (D:11)
  10 two-headed ogres
  An ogre mage (D:12)
  A death knight (D:13)
  An anaconda (Lair:6)
  A merfolk avatar (Shoals:2)
  A merfolk aquamancer (Shoals:1)
  5 tengu warriors
  A death yak (IceCv)
  4 sea snakes
  6 unseen horrors
  A harpy (Shoals:2)
  An orb spider (Lair:3)
  5 fauns
  A salamander (D:15)
  3 cyclopes
  10 ugly things
  3 manticores (Shoals:1)
  8 merfolk sirens
  6 elephants (Lair:6)
  9 black mambas
  A gargoyle (D:10)
  8 spiny frogs
  3 rime drakes
  10 komodo dragons
  8 trolls
  2 ice devils (D:12)
  A harpy zombie (D:14)
  13 polar bears
  11 merfolk (Shoals:1)
  2 tengu conjurers (D:14)
  3 wind drakes
  The ghost of Curus the Cleaver, an amateur MiMo (D:3)
  3 tyrant leeches (D:12)
  The ghost of Shtrein the Twirler, an amateur DsGl (D:3)
  2 hornets
  2 slime creatures (D:15)
  A snapping turtle (Shoals:1)
  13 blink frogs
  8 dream sheep
  11 hippogriffs
  19 flying skulls
  A shadow (D:14)
  3 wyverns
  Eustachio (D:4)
  3 vampires
  61 yaks
  A water elemental (Shoals:1)
  3 wraiths
  5 basilisks
  A steam dragon (D:11)
  2 hungry ghosts
  10 vampire mosquitoes
  Menkaure (D:4)
  Edmund (D:5)
  2 soldier ants
  18 water moccasins
  15 porcupines
  5 ice beasts
  10 orc warriors
  A hornet zombie (D:11)
  4 black bears
  The ghost of serch the Chopper, an amateur MiBe of Trog (D:3)
  The ghost of zyhmos the Chopper, an amateur MiBe of Trog (D:3)
  7 sky beasts
  3 eyes of draining
  A phantom (D:13)
  11 ogres
  20 centaurs
  27 wolves
  8 crocodiles
  7 big kobolds
  17 bullfrogs
  Blork the orc (D:4)
  A wyvern zombie (D:14)
  A water moccasin zombie (D:7)
  5 scorpions
  16 killer bees
  17 wights
  An electric eel (Lair:1)
  8 howler monkeys
  11 crimson imps
  A wyvern simulacrum (D:14)
  2 bullfrog zombies
  2 centaur zombies
  2 quasits
  10 hounds
  8 jellies
  8 orc wizards
  Crazy Yiuf (D:4)
  An orc priest (D:12)
  4 bullfrog skeletons
  3 centaur skeletons
  5 iguanas
  7 hell rats (Lair:2)
  10 worker ants
  A killer bee zombie (D:8)
  2 hound zombies
  2 hound skeletons
  A worker ant zombie (D:11)
  10 gnolls
  13 adders
  7 shadow imps
  5 oozes (D:9)
  2 adder skeletons
  An adder zombie (D:5)
  5 worms
  A dart slug (D:1)
  11 leopard geckos
  49 orcs
  A ball python (D:1)
  3 giant cockroaches
  7 goblins
  3 hobgoblins
  14 jackals
  4 quokkas
  2 bats
  5 frilled lizards
  14 kobolds
  A leopard gecko zombie (D:9)
  2 quokka skeletons
  5 rats
  2 butterflies (D:7)
  3 plants (Lair:6)
771 creatures vanquished.

Vanquished Creatures (others)
  A soldier ant (D:12)
  49 fungi
  64 plants
  2 withered plants (D:3)
116 creatures vanquished.

Grand Total: 887 creatures vanquished

Notes
Turn   | Place    | Note
-------+----------+-------------------------------------------
     0 | D:1      | EWolf27 the Spriggan Enchanter began the quest for the Orb.
     0 | D:1      | Reached XP level 1. HP: 9/9 MP: 5/5
   548 | D:1      | Reached XP level 2. HP: 13/13 MP: 6/6
   552 | D:1      | Learned a level 2 spell: Ensorcelled Hibernation
   775 | D:1      | Found an iron altar of Okawaru.
  2170 | D:2      | Reached skill level 5 in Stealth
  2292 | D:2      | Reached XP level 3. HP: 16/16 MP: 5/8
  3087 | D:3      | Found an opulent altar of Gozag.
  3099 | D:3      | Became a worshipper of Gozag Ym Sagoz the Greedy
  3414 | D:3      | Reached XP level 4. HP: 21/21 MP: 10/10
  4021 | D:3      | Found a runed translucent gate.
  4022 | D:3      | Found a runed translucent gate.
  4022 | D:3      | Found a runed translucent gate.
  4023 | D:3      | Noticed serch's ghost (amateur MiBe)
  4024 | D:3      | Noticed Shtrein's ghost (amateur DsGl)
  4024 | D:3      | Noticed zyhmos's ghost (amateur MiBe)
  4024 | D:3      | Noticed Curus's ghost (amateur MiMo)
  4376 | D:3      | Reached XP level 5. HP: 21/24 MP: 11/11
  4888 | D:4      | Reached skill level 5 in Dodging
  4901 | D:4      | Found a shimmering altar of Xom.
  5399 | D:3      | Learned a level 3 spell: Confuse
  5901 | D:3      | Reached skill level 6 in Stealth
  6070 | D:4      | Noticed Menkaure
  6324 | D:4      | Reached XP level 6. HP: 20/28 MP: 9/13
  6444 | D:4      | Found a glowing silver altar of Zin.
  6445 | D:4      | Found a white marble altar of Elyvilon.
  6446 | D:4      | Found a glowing golden altar of the Shining One.
  6611 | D:4      | Noticed Blork the orc
  6643 | D:4      | Killed Blork the orc
  6668 | D:4      | Reached skill level 1 in Ice Magic
  6900 | D:4      | Found an ancient bone altar of Kikubaaqudgha.
  6907 | D:4      | Reached skill level 5 in Hexes
  6907 | D:4      | Reached XP level 7. HP: 32/32 MP: 9/15
  7058 | D:4      | Killed Menkaure
  7058 | D:4      | Reached skill level 7 in Stealth
  7058 | D:4      | Reached skill level 5 in Spellcasting
  7572 | D:4      | Noticed Eustachio
  7584 | D:4      | Found a runed translucent door.
  7585 | D:4      | Noticed Crazy Yiuf
  7592 | D:4      | Killed Crazy Yiuf
  7673 | D:5      | Entered Level 5 of the Dungeon
  7932 | D:4      | Killed Eustachio
  8041 | D:5      | Reached skill level 8 in Stealth
  8041 | D:5      | Reached XP level 8. HP: 36/36 MP: 17/17
  8085 | D:5      | Found an iron altar of Okawaru.
  8219 | D:5      | Reached skill level 5 in Short Blades
  8373 | D:5      | Noticed Edmund
  8402 | D:5      | Killed Edmund
  8402 | D:5      | Reached skill level 1 in Fighting
  8615 | D:5      | Found Letigh's Magic Scroll Boutique.
  8630 | D:5      | Bought a scroll of blinking for 90 gold pieces
  8630 | D:5      | Bought a scroll of teleportation for 36 gold pieces
  8630 | D:5      | Bought a scroll of teleportation for 36 gold pieces
  8630 | D:5      | Bought a scroll of teleportation for 36 gold pieces
  9656 | D:6      | Found Voeliren's Food Emporium.
  9669 | D:6      | Reached XP level 9. HP: 38/42 MP: 15/20
 10191 | D:6      | Found a shadowy altar of Dithmenos.
 10697 | D:6      | Found a sacrificial altar of Ru.
 11746 | D:7      | Found a staircase to the Ecumenical Temple.
 11864 | Temple   | Entered the Ecumenical Temple
 13119 | D:8      | Found a runed translucent door.
 13174 | D:8      | Noticed DildoBatman's ghost (novice FoWz)
 13186 | D:8      | Noticed a polar bear
 13191 | D:8      | Identified the +6 spear of Diet Blood {holy, rPois Str+9}
 13241 | D:8      | Noticed an unseen horror
 13954 | D:8      | Reached XP level 10. HP: 36/49 MP: 18/23
 14047 | D:8      | Found Kux Fatseb's Assorted Antiques.
 14047 | D:8      | Noticed a two-headed ogre
 14383 | D:8      | Killed an unseen horror
 14624 | D:8      | Killed a two-headed ogre
 14680 | D:8      | Bought a puce potion for 31 gold pieces
 14944 | D:3      | Found an opulent altar of Gozag.
 15171 | D:3      | Found a runed translucent gate.
 15172 | D:3      | Found a runed translucent gate.
 15172 | D:3      | Found a runed translucent gate.
 15583 | D:3      | Killed Shtrein's ghost
 15588 | D:3      | Killed zyhmos's ghost
 15660 | D:3      | Killed Curus's ghost
 15676 | D:3      | Killed serch's ghost
 15896 | D:9      | Reached skill level 9 in Stealth
 16055 | D:9      | Reached skill level 10 in Hexes
 16484 | D:9      | Found a sparkling altar of Nemelex Xobeh.
 16570 | D:9      | Found a hazy altar of Hepliaklqana.
 16716 | D:9      | Found a radiant altar of Vehumet.
 16971 | D:9      | Noticed a two-headed ogre
 16977 | D:9      | Killed a two-headed ogre
 17040 | D:9      | Reached skill level 10 in Stealth
 17040 | D:9      | Reached XP level 11. HP: 54/54 MP: 16/25
 17154 | D:10     | Entered Level 10 of the Dungeon
 17635 | D:10     | Reached skill level 5 in Fighting
 17649 | D:10     | Reached skill level 1 in Shields
 18036 | D:10     | Noticed an unseen horror
 18061 | D:10     | Killed an unseen horror
 18556 | D:10     | Found a staircase to the Lair.
 18747 | D:10     | Reached skill level 11 in Stealth
 19720 | D:11     | Reached skill level 10 in Short Blades
 19947 | D:11     | Noticed a purple ugly thing
 19955 | D:11     | Killed a purple ugly thing
 20402 | D:11     | Found a staircase to the Orcish Mines.
 20413 | D:11     | Reached skill level 10 in Dodging
 20449 | D:11     | Noticed a five-headed hydra
 20473 | D:11     | Killed a five-headed hydra
 20801 | D:11     | Noticed Harold
 20805 | D:11     | Killed Harold
 20805 | D:11     | Reached skill level 12 in Stealth
 20805 | D:11     | Reached XP level 12. HP: 60/60 MP: 22/26
 21362 | D:12     | Noticed a two-headed ogre
 21362 | D:12     | Noticed a two-headed ogre
 21362 | D:12     | Noticed a two-headed ogre
 21363 | D:12     | Noticed a two-headed ogre
 21363 | D:12     | Noticed an ogre mage
 21363 | D:12     | Noticed a two-headed ogre
 21367 | D:12     | Killed a two-headed ogre
 21374 | D:12     | Killed a two-headed ogre
 21527 | D:11     | Killed a two-headed ogre
 21589 | D:11     | Killed a two-headed ogre
 21953 | D:12     | Found a frozen archway.
 22064 | IceCv    | Entered an ice cave
 22121 | IceCv    | Reached skill level 13 in Stealth
 22859 | IceCv    | Noticed a death yak
 22898 | IceCv    | Killed a death yak
 24244 | D:12     | Killed a two-headed ogre
 24244 | D:12     | Reached XP level 13. HP: 66/66 MP: 23/27
 24437 | D:12     | Reached skill level 5 in Shields
 24672 | D:12     | Reached skill level 14 in Stealth
 25678 | D:8      | Bought a hardcover book for 525 gold pieces
 25899 | D:12     | Found the +12 Vampire's Tooth {vamp}
 26269 | D:13     | You fall through a shaft for 2 floors!
 26269 | D:15     | Entered Level 15 of the Dungeon
 27186 | D:15     | Noticed Louise
 27190 | D:15     | Killed Louise
 27322 | D:14     | Reached skill level 15 in Stealth
 27399 | D:15     | Found a staircase to the Depths.
 27399 | D:15     | Noticed a dire elephant
 27404 | D:15     | Noticed an emperor scorpion
 27429 | D:15     | Killed a dire elephant
 27450 | D:15     | Killed an emperor scorpion
 27580 | D:15     | Found the +3 giant club "Skullcrusher" {speed, Str+7}
 28371 | D:14     | Found Taig's Armour Shoppe.
 28381 | D:14     | Bought a +2 cloak of poison resistance for 259 gold pieces
 28381 | D:14     | Bought a +0 buckler of positive energy for 119 gold pieces
 28532 | D:14     | Reached XP level 14. HP: 73/73 MP: 28/28
 28533 | D:14     | Noticed Nessos
 29309 | D:13     | Learned a level 2 spell: Sticks to Snakes
 29691 | D:13     | Reached skill level 16 in Stealth
 29768 | D:13     | Found a gate to the Vaults.
 29768 | D:13     | Noticed an ironheart preserver
 29775 | D:13     | Killed an ironheart preserver
 30106 | D:14     | Killed Nessos
 30862 | Lair:1   | Entered Level 1 of the Lair of Beasts
 31877 | Lair:2   | Learned a level 1 spell: Sting
 31949 | Lair:2   | Found a hide-covered altar of Uskayaw.
 32425 | Lair:2   | Found a runed translucent door.
 32430 | Lair:2   | Noticed diiiiiane's ghost (journeyman MiFi)
 32799 | Lair:2   | Found a staircase to the Shoals.
 33821 | Lair:3   | Found a hole to the Spider Nest.
 34297 | Lair:4   | You fall through a shaft for 2 floors!
 34297 | Lair:6   | Entered Level 6 of the Lair of Beasts
 34314 | Lair:6   | Reached skill level 17 in Stealth
 34686 | Lair:6   | Identified Sif Muna's Tome of Plasticity
 34700 | Lair:6   | Found a viscous altar of Jiyva.
 34701 | Lair:6   | Found a staircase to the Slime Pits.
 34850 | Lair:5   | Reached XP level 15. HP: 79/79 MP: 13/29
 35056 | Lair:4   | Learned a level 3 spell: Tukima's Dance
 35058 | Lair:4   | Learned a level 1 spell: Apportation
 35534 | Lair:4   | Reached skill level 1 in Translocations
 37244 | Lair:6   | Reached skill level 15 in Hexes
 38904 | Lair:6   | Reached skill level 5 in Translocations
 39048 | Lair:6   | Reached skill level 18 in Stealth
 39292 | Lair:6   | Identified a scroll of acquirement
 39292 | Lair:6   | Identified Sif Muna's Almanac of Evil Malediction (You
                  | acquired it on level 6 of the Lair of Beasts)
 39303 | Lair:6   | Learned a level 6 spell: Invisibility
 39413 | Shoals:1 | Entered Level 1 of the Shoals
 39618 | Lair:2   | Killed diiiiiane's ghost
 39618 | Lair:2   | Reached skill level 10 in Fighting
 39824 | Shoals:1 | Reached skill level 1 in Poison Magic
 41302 | Shoals:2 | Shot with an arrow by a satyr

Skill      XL: |  1  2  3  4  5  6  7  8  9 10 11 12 13 14 15 |
---------------+----------------------------------------------+-----
Spellcasting   | 3 4 5 7 8 9 |  9.2
Stealth        | 5 6 8 10 12 13 15 17 18 | 18.5
Short Blades   | 2 3 4 6 7 9 10 12 | 12.0
Dodging        | 4 5 6 8 10 12 13 | 13.7
Hexes          | 4 5 6 7 9 10 12 13 14 15 | 15.2
Ice Magic      | 1 2 |  2.0
Fighting       | 2 3 4 5 6 8 9 10 | 10.3
Shields        | 3 4 6 7 |  7.2
Translocations | 6 |  6.0
Poison Magic   | 3 |  3.1

Action                   |  1- 3 |  4- 6 |  7- 9 | 10-12 | 13-15 || total
-------------------------+-------+-------+-------+-------+-------++-------
Melee: Dagger            |   152 |   131 |   371 |   563 |   110 ||  1327
       Blowgun           |       |       |       |     1 |       ||     1
       Quick blade       |       |       |       |       |  1534 ||  1534
 Fire: Blowgun           |       |       |       |     5 |       ||     5
Throw: Stone             |     4 |       |     3 |    48 |    11 ||    66
 Cast: Ensorcelled Hiber |    16 |    36 |    90 |   236 |   268 ||   646
       Confuse           |       |     6 |    34 |   113 |   123 ||   276
       Sting             |       |       |       |       |    40 ||    40
       Sticks to Snakes  |       |       |       |       |     2 ||     2
Invok: Potion Petition   |       |       |     1 |       |       ||     1
Evoke: Wand              |       |       |       |     5 |       ||     5
  Use: Scroll            |       |       |    12 |     5 |    14 ||    31
       Potion            |       |       |       |       |     4 ||     4
 Stab: Sleeping          |    17 |    16 |    62 |   125 |   179 ||   399
       Confused          |       |     3 |    23 |    74 |    66 ||   166
       Distracted        |       |     1 |     2 |     9 |    14 ||    26
  Eat: Ration            |     1 |     2 |     4 |     6 |    11 ||    24
Armor: Robe              |     7 |     3 |    11 |    32 |    34 ||    87
Dodge: Dodged            |   108 |    95 |   271 |   433 |   758 ||  1665
Block: Buckler           |       |       |       |    22 |   306 ||   328
